 Dungeon Crawl Stone Soup version 0.28-a0-1524-ge72afd5fc6 (webtiles) character file.

Game seed: 14548821007746249524

18298 frimble the Slicer (level 12, -1/100 HPs)
             Began as a Demonspawn Warper on Jan 18, 2022.
             Slain by a seven-headed hydra (12 damage)
             ... on level 13 of the Dungeon.
             The game lasted 00:21:55 (16018 turns).

frimble the Slicer (Demonspawn Warper)             Turns: 16018, Time: 00:21:56

Health: -1/100     AC: 11    Str: 18    XL:     12   Next: 26%
Magic:  12/15      EV: 15    Int: 18    God:
Gold:   812        SH:  0    Dex: 18    Spells: 13/15 levels left

rFire   . . .      SeeInvis .   b - +5 short sword (elec)
rCold   . . .      Faith    .   (no shield)
rNeg    . . .      Spirit   .   K - +1 troll leather armour
rPois   .          Reflect  .   z - +0 helmet
rElec   .          Harm     .   e - +0 cloak
rCorr   .          Rampage  .   (no gloves)
Will    .....                   (no boots)
Stlth   +++++.....              l - amulet of the acrobat
HPRegen 1.06/turn               m - +4 ring of protection
MPRegen 0.14/turn               C - +6 ring of strength

@: on blink cooldown
A: claws 1, thin skeletal structure 2, demonic guardian 1, spiny 3
a: no special abilities


You were on level 13 of the Dungeon.
You visited 2 branches of the dungeon, and saw 14 of its levels.
You also visited: Bailey.

You collected 921 gold pieces.
You spent 109 gold pieces at shops.

Inventory:

Hand Weapons
 a - a +1 dagger of venom
 b - a +5 short sword of electrocution (weapon)
 v - a +0 short sword of draining
Missiles
 w - 12 boomerangs (quivered)
Armour
 d - the +4 chain mail of Eternal Night {rN+ Will+ Str-3 Dex+4}
   (You found it on level 9 of the Dungeon)

   Str:       It affects your strength (-3).
   Dex:       It affects your dexterity (+4).
   rN:        It protects you from negative energy.
   Will:      It increases your willpower.
 e - a +0 cloak (worn)
 r - the +3 ring mail of Musineno {rElec}
   (You found it on level 4 of the Dungeon)

   rElec:     It insulates you from electricity.
 z - a +0 helmet (worn)
 K - a +1 troll leather armour (worn)
Jewellery
 l - an amulet of the acrobat (around neck)
 m - a +4 ring of protection (left claw)
 C - a +6 ring of strength (right claw)
 D - a ring of protection from fire
Wands
 j - a wand of acid (4)
 k - a wand of digging (4)
Scrolls
 c - 6 scrolls of blinking
 i - 2 scrolls of fog
 q - 2 scrolls of identify
 s - 2 scrolls of vulnerability
 u - 8 scrolls of teleportation
 A - a scroll of immolation
 B - a scroll of magic mapping
 E - 2 scrolls of enchant weapon
 H - a scroll of summoning
 J - a scroll of fear
Potions
 f - 5 potions of curing
 g - 3 potions of brilliance
 h - a potion of heal wounds
 o - a potion of magic
 p - a potion of mutation
 t - 2 potions of flight
 x - 2 potions of attraction
 y - 2 potions of might
 F - 5 potions of ambrosia
 G - a potion of resistance


   Skills:
 + Level 11.4 Fighting
 + Level 11.4 Short Blades
 - Level 0.8 Throwing
 - Level 0.8 Armour
 - Level 6.0 Dodging
 + Level 6.2 Stealth
 - Level 2.0 Spellcasting
 - Level 6.0 Translocations
 - Level 5.3 Evocations


You had 13 spell levels left.
You knew the following spells:

 Your Spells              Type           Power      Damage    Failure   Level
a - Blink                 Tloc           46%        N/A       2%          2

Your spell library contained the following spells:

 Spells                   Type           Power      Damage    Failure   Level
 Gell's Gravitas          Tloc           23%        N/A       5%          3
 Lesser Beckoning         Tloc           23%        N/A       5%          3
 Teleport Other           Tloc           23%        N/A       5%          3
 Animate Skeleton         Necr           2%         N/A       22%         1
 Pain                     Necr           4%         1d4       22%         1
 Static Discharge         Conj/Air       1%         N/A       32%         2
 Manifold Assault         Tloc           23%        N/A       45%         5
 Ozocubu's Armour         Ice            1%         N/A       54%         3
 Vampiric Draining        Necr           1%         2d6       54%         3
 Animate Dead             Necr           0%         N/A       91%         4
 Lightning Bolt           Conj/Air       0%         1d11      99%         5
 Haunt                    Necr/Summ      0%         N/A       100%        7
 Ozocubu's Refrigeration  Ice            0%         4d5       100%        7
 Infestation              Necr           0%         N/A       100%        8
 Maxwell's Capacitive Co  Air            0%         ∞         100%        8


Dungeon Overview and Level Annotations

Branches:
Dungeon (13/15)            Temple (1/1) D:5             Orc (0/2) D:12
 Vaults (0/5) D:13         Bailey (visited)
   Lair: D:8-11

Altars:
Ashenzari
Cheibriados
Dithmenos
Elyvilon
Fedhas
Gozag
Hepliaklqana
Kikubaaqudgha
Makhleb
Nemelex Xobeh
Okawaru
Qazlal
Ru
Sif Muna
Trog
Uskayaw
Vehumet
Wu Jian
Xom
Yredelemnul
Zin
The Shining One
Beogh

Shops:
D:3 !=*


Innate Abilities, Weirdness & Mutations

You have sharp fingernails.
You have a moderately thin skeletal structure. (Dex +4, Stealth++)
A weak demonic guardian rushes to your aid.
You are completely covered in sharp spines.


Message History

Aim: a seven-headed hydra (lightly wounded, covered in acid, 91% to hit)
The bolt of acid hits the seven-headed hydra!!
The seven-headed hydra seems to be corroded for longer.
The seven-headed hydra is heavily wounded.
Aiming: Corrosive Bolt
Press: ? - help, Shift-Dir - straight line, f/p - seven-headed hydra
Aim: a seven-headed hydra (heavily wounded, covered in acid, ally target, 91% to hit)
The bolt of acid hits the seven-headed hydra!
The seven-headed hydra seems to be corroded for longer.
The seven-headed hydra is severely wounded.
Casting: Blink (safe; 2% risk of failure)
Confirm with . or Enter, or press ? or * to list all spells.
You are still too unstable to blink.
Unknown command.
You feel stable enough to blink again.
Casting: Blink (safe; 2% risk of failure)
Confirm with . or Enter, or press ? or * to list all spells.
You blink.
Throw: 12 boomerangs
Press: ? - help, Q - select action, (/) - cycle Shift-Dir - straight line, f/p - seven-headed hydra
Aim: a seven-headed hydra (severely wounded, covered in acid, ally target, 82% to hit)
You throw a boomerang.
The boomerang barely misses the seven-headed hydra.
Your rust devil hits the seven-headed hydra.
The seven-headed hydra seems to be corroded for longer.
Throw: 12 boomerangs
Press: ? - help, Q - select action, (/) - cycle Shift-Dir - straight line, f/p - seven-headed hydra
Aim: a seven-headed hydra (severely wounded, covered in acid, ally target, 82% to hit)
You throw a boomerang.
The boomerang barely misses the seven-headed hydra.
The seven-headed hydra is struck by your spines.
The seven-headed hydra bites you!
* * * LOW HITPOINT WARNING * * *
The seven-headed hydra misses you. x2
The seven-headed hydra completely misses you.
The seven-headed hydra barely misses you.
The seven-headed hydra bites you.
* * * LOW HITPOINT WARNING * * *
The seven-headed hydra bites you!
You die...

.......# ...#####
####### ...#
#.....#
...########.....#
...'....4.'.....#
...########.....#
##'### #.....#
#....# #.....##
#....# ###.4D@#
#....# #§...#
#....# #....#
#....# ###.##
.....# #.# ....<#
####'######
.....#
#.........#
.....#
#.........#
##.####
#.........#


You could see a seven-headed hydra (corroded, ally target) and a friendly rust
devil (summoned).

Vanquished Creatures
  A boulder beetle (D:12)
  A vault guard (Bailey)
  A two-headed ogre (D:10)
  2 deep elf pyromancers
  4 ugly things
  A cyclops (D:12)
  A gargoyle (D:12)
  A merfolk (D:13)
  4 trolls
  A queen bee (D:10)
  A hornet (D:7)
  Prince Ribbit (Bailey)
  A vampire (D:12)
  A wraith (D:12)
  7 humans
  14 yaks
  3 vampire mosquitoes
  2 wargs (D:12)
  A water moccasin (D:7)
  9 orc warriors
  3 sky beasts
  A black bear (D:6)
  2 ogres
  2 ice beasts (D:7)
  2 necrophages
  5 centaurs
  A kobold brigand (D:6)
  A phantom (D:7)
  10 bullfrogs
  2 gnoll sergeants
  30 killer bees
  5 wights (D:9)
  2 howler monkeys
  A crimson imp (D:13)
  5 orc priests
  3 centaur zombies
  4 jellies
  2 centaur skeletons
  A bullfrog skeleton (D:7)
  Jessica (D:3)
  An iguana (D:3)
  2 gnoll shamans
  9 orc wizards
  2 mummies (D:11)
  A howler monkey zombie (D:11)
  18 gnolls
  9 adders
  2 white imps
  An adder skeleton (D:4)
  4 worms
  3 dart slugs
  44 orcs
  8 endoplasms
  3 giant cockroaches
  5 goblins
  5 hobgoblins
  7 kobolds
  5 quokkas
  5 ball pythons
  7 bats
  2 frilled lizards
  5 rats
288 creatures vanquished.

Vanquished Creatures (collateral kills)
  A vault guard (Bailey)
  A boulder beetle (D:13)
  A death knight (D:9)
  An orc (D:13)
4 creatures vanquished.

Vanquished Creatures (others)
  2 gnolls (D:13)
2 creatures vanquished.

Grand Total: 294 creatures vanquished

Notes
Turn   | Place    | Note
-------+----------+-------------------------------------------
     0 | D:1      | frimble the Demonspawn Warper began the quest for the Orb.
     0 | D:1      | Reached XP level 1. HP: 16/16 MP: 3/3
   272 | D:1      | Gained mutation: You are partially covered in sharp spines.
                  | [demonic ancestry]
   272 | D:1      | Reached XP level 2. HP: 15/22 MP: 5/5
  1154 | D:2      | Reached XP level 3. HP: 6/27 MP: 6/6
  1157 | D:2      | Learned a level 2 spell: Blink
  1614 | D:2      | Reached skill level 1 in Stealth
  1857 | D:2      | Found a faded altar of an unknown god.
  2288 | D:3      | Found Ygaclid's Distillery.
  2315 | D:3      | Found Kuxos's Jewellery Boutique.
  2362 | D:3      | Found Riguwoy's Assorted Antiques.
  2375 | D:3      | Bought a scroll labelled CEOGEXOT UNGOE for 23 gold pieces
  2375 | D:3      | Bought a scroll labelled TOVVYTILED for 23 gold pieces
  2375 | D:3      | Bought a scroll labelled OLYFFA OKACS for 23 gold pieces
  2378 | D:3      | Bought a white potion for 20 gold pieces
  2378 | D:3      | Bought a pink potion for 20 gold pieces
  2514 | D:3      | Noticed Jessica
  2519 | D:3      | Killed Jessica
  2520 | D:3      | Reached skill level 1 in Evocations
  2520 | D:3      | Gained mutation: You have a somewhat thin skeletal
                  | structure. (Dex +2, Stealth+) [demonic ancestry]
  2520 | D:3      | Reached XP level 4. HP: 33/33 MP: 7/7
  3593 | D:4      | Reached XP level 5. HP: 37/38 MP: 8/8
  3595 | D:4      | Identified the +3 ring mail of Musineno {rElec}
  4613 | D:5      | Entered Level 5 of the Dungeon
  4643 | D:5      | Noticed a sky beast
  4648 | D:5      | Killed a sky beast
  4649 | D:5      | Gained mutation: You are mostly covered in sharp spines.
                  | [demonic ancestry]
  4649 | D:5      | Reached XP level 6. HP: 44/44 MP: 9/9
  4796 | D:5      | Found a staircase to the Ecumenical Temple.
  4918 | D:5      | Found a shimmering altar of Xom.
  5002 | D:5      | Found a blossoming altar of Fedhas.
  5615 | D:6      | Reached XP level 7. HP: 50/50 MP: 10/10
  6122 | D:6      | Reached skill level 5 in Short Blades
  6289 | D:6      | Gained mutation: You have a moderately thin skeletal
                  | structure. (Dex +4, Stealth++) [demonic ancestry]
  6289 | D:6      | Reached XP level 8. HP: 42/58 MP: 11/11
  6307 | D:6      | Reached skill level 5 in Stealth
  7023 | D:7      | Noticed a hornet
  7050 | D:7      | Paralysed by a hornet for 2 turns
  7054 | D:7      | Killed a hornet
  7213 | D:7      | Reached skill level 5 in Fighting
  7246 | D:7      | Reached XP level 9. HP: 68/68 MP: 12/12
  7430 | D:7      | Noticed a cyan ugly thing
  7469 | D:7      | Killed a cyan ugly thing
  7470 | D:7      | Reached skill level 5 in Translocations
  7957 | D:8      | Found a flagged portal.
  7986 | Bailey   | Entered a bailey
  8502 | Bailey   | Gained mutation: You are completely covered in sharp
                  | spines. [demonic ancestry]
  8502 | Bailey   | Reached XP level 10. HP: 64/79 MP: 10/13
  8629 | Bailey   | Noticed Prince Ribbit
  8629 | Bailey   | Noticed a vault guard
  8656 | Bailey   | Killed a vault guard
  8661 | Bailey   | Killed Prince Ribbit
  8938 | Bailey   | Noticed a vault guard
  8957 | Bailey   | Killed a vault guard
  9319 | D:8      | Reached skill level 5 in Dodging
  9787 | D:8      | Found a shimmering blue altar of Sif Muna.
 10323 | D:9      | Noticed a brown ugly thing
 10357 | D:9      | Killed a brown ugly thing
 10374 | D:9      | Identified the +4 chain mail of Eternal Night {rN+ Will+
                  | Str-3 Dex+4}
 10557 | Temple   | Entered the Ecumenical Temple
 11231 | D:9      | Found a hide-covered altar of Uskayaw.
 11505 | D:9      | Found a radiant altar of Vehumet.
 11505 | D:9      | Found a snail-covered altar of Cheibriados.
 11506 | D:9      | Found an opulent altar of Gozag.
 11507 | D:9      | Found a basalt altar of Yredelemnul.
 11509 | D:9      | Found a stormy altar of Qazlal.
 11699 | D:9      | Gained mutation: A weak demonic guardian rushes to your
                  | aid. [demonic ancestry]
 11699 | D:9      | Reached XP level 11. HP: 74/86 MP: 14/14
 11784 | D:9      | Noticed a death knight
 11792 | D:9      | Noticed a skeletal warrior
 11794 | D:9      | Noticed a skeletal warrior
 11795 | D:9      | Killed a death knight
 11808 | D:10     | Entered Level 10 of the Dungeon
 12198 | D:10     | Noticed a two-headed ogre
 12210 | D:10     | Killed a two-headed ogre
 12422 | D:10     | Reached skill level 10 in Short Blades
 12834 | D:10     | Reached skill level 10 in Fighting
 13538 | D:11     | Noticed a death yak
 13538 | D:11     | Noticed a death yak
 13547 | D:12     | Noticed a boulder beetle
 13554 | D:12     | Killed a boulder beetle
 13796 | D:12     | Noticed a white ugly thing
 13809 | D:12     | Killed a white ugly thing
 13987 | D:12     | Found a staircase to the Orcish Mines.
 14109 | D:12     | Reached skill level 5 in Evocations
 14177 | D:12     | Noticed a deep elf pyromancer
 14184 | D:12     | Killed a deep elf pyromancer
 14652 | D:12     | Gained mutation: You have sharp fingernails. [demonic
                  | ancestry]
 14652 | D:12     | Reached XP level 12. HP: 86/100 MP: 15/15
 14789 | D:13     | Noticed a boulder beetle
 14806 | D:13     | Killed a boulder beetle
 15566 | D:13     | Noticed a boulder beetle
 15593 | D:13     | Found a gate to the Vaults.
 15593 | D:13     | Noticed a vault guard
 15593 | D:13     | Noticed a two-headed ogre
 15593 | D:13     | Noticed a vault guard
 15593 | D:13     | Noticed a vault guard
 15593 | D:13     | Noticed a vault guard
 15593 | D:13     | Noticed a seven-headed hydra
 15594 | D:13     | Noticed a tengu warrior
 16018 | D:13     | Slain by a seven-headed hydra

Illustrated notes

Levels and vault maps discovered:
D:1:      saegor_arrival_simple_b, layout_loops_cross, minmay_cut_off
D:2:      layout_basic, hellmonk_ecumenical_altar_heavens_door,
          minmay_misc_feat_cross
D:3:      layout_basic, serial_shops, nicolae_lakefront_shop, shop,
          nicolae_shop_behind_doors, corexii_shack, kennysheep_generic_room_5,
          uniq_jessica
D:4:      layout_gridville, corexii_checkpoint_a, chequers_decorated_corner,
          hangedman_glass_teeth, kennysheep_flooded_box, minivault_26
D:5:      nicolae_cairo_tiling_very_big, layout_basic,
          mainiacjoe_overflow_concentric_impassable,
          mainiacjoe_overflow_large_starburst, minmay_temple_entry_mist,
          serial_park_tiny_pond, minmay_misc_feat_hallway
D:6:      layout_basic, grunt_ministairs_14, minmay_misc_feat_x
D:7:      layout_basic, minmay_chambers_of_fives
D:8:      layout_basic, amcnicky_altar_gilded, enter_bailey_6
D:9:      layout_gridville, minitemple, special_room [special_room_orc]
D:10:     layout_loops_corners, special_room [special_room_bee]
D:11:     layout_roguey, dpeg_lair_monsters, serial_undead, serial_undead_c,
          serial_undead_d, serial_undead_f, serial_undead_a, serial_undead_f
D:12:     layout_long_grid, david_orc_1_choice
D:13:     layout_basic, lightli_vaults_fourway_checkpoint, hangedman_stone_soup
Temple:   minmay_temple_bridge_abc

Skill      XL: |  1  2  3  4  5  6  7  8  9 10 11 12 |
---------------+-------------------------------------+-----
Short Blades   | 2 3 4 5 6 7 9 11 | 11.4
Dodging        | 2 3 6 |  6.0
Stealth        | 1 2 3 4 5 6 |  6.2
Evocations     | 1 2 3 4 5 |  5.3
Fighting       | 3 5 7 8 11 | 11.4
Translocations | 4 6 |  6.0
Throwing       | |  0.8
Armour         | |  0.8
Spellcasting   | |  2.0

Action                   |  1- 3 |  4- 6 |  7- 9 | 10-12 || total
-------------------------+-------+-------+-------+-------++-------
Melee: Short sword       |    46 |       |       |   305 ||   351
       Dagger            |    77 |    85 |   284 |   153 ||   599
       Punch             |     2 |     2 |     7 |    13 ||    24
Throw: Boomerang         |       |       |     2 |     5 ||     7
       Throwing net      |       |       |       |     7 ||     7
 Cast: Blink             |       |       |     7 |    12 ||    19
Evoke: Wand              |       |       |     2 |    11 ||    13
  Use: Scroll            |     7 |     6 |     5 |    14 ||    32
       Potion            |       |       |       |     8 ||     8
 Stab: Sleeping          |     3 |     5 |     9 |    15 ||    32
       Distracted        |       |       |     1 |     2 ||     3
       Held in net/web   |       |       |       |     3 ||     3
Armor: Leather armour    |    21 |     6 |       |       ||    27
       Ring mail         |       |    13 |    80 |    78 ||   171
       Troll leather arm |       |       |       |     6 ||     6
Dodge: Dodged            |    40 |    34 |   132 |   233 ||   439

Table legend: (Time is in decaauts)
 A = Elapsed time spent in this place.
 B = Non-inter-level travel time spent in this place.
 C = Inter-level travel time spent in this place.
 D = Time resting spent in this place.
 E = Time spent auto-exploring this place.
 F = Levels seen in this place.
 G = Mean time per level.
                   A        B        C        D        E       F      G
               +--------+--------+--------+--------+--------+-----+--------+
         Total |  15709 |  14903 |    806 |   1155 |  11542 |  15 | 1047.3 |
       Dungeon |  14402 |  13621 |    781 |    587 |  11021 |  13 | 1107.8 |
        Temple |    218 |    194 |     24 |      0 |    185 |   1 |  218.0 |
        Bailey |   1088 |   1088 |      0 |    568 |    336 |   1 | 1088.0 |
               +--------+--------+--------+--------+--------+-----+--------+

Top non-repeatable levels by time:
    D:10: 1630 daAuts
     D:8: 1397 daAuts
     D:3: 1367 daAuts
     D:7: 1253 daAuts
    D:13: 1225 daAuts
    D:12: 1176 daAuts
     D:4: 1168 daAuts
     D:1: 1143 daAuts
     D:6: 1114 daAuts
  Bailey: 1088 daAuts
     D:2: 1040 daAuts
     D:9: 994 daAuts
     D:5: 827 daAuts
  Temple: 218 daAuts
    D:11: 62 daAuts
